 Dungeon Crawl Stone Soup version 0.23.1 (webtiles) character file.

Game seed: 15114228915431797627

1351 pjoxt the Ruffian (level 8, -8/79 HPs)
             Began as a Troll Monk on Mar 4, 2019.
             Was an Initiate of Ru.
             Mangled by an orc warrior
             ... wielding a +0 hand axe
              (19 damage)
             ... on level 5 of the Dungeon.
             The game lasted 00:14:30 (4707 turns).

pjoxt the Ruffian (Troll Monk)                      Turns: 4707, Time: 00:14:31

Health: -8/79      AC:  6    Str: 21    XL:     8   Next: 36%
Magic:  16/16      EV:  9    Int:  6    God:    Ru [......]
Gold:   376        SH:  8    Dex: 11    Spells: 7/7 levels left

rFire    . . .     SeeInvis .     - Unarmed
rCold    . . .     Gourm    +   u - +0 shield
rNeg     . . .     Faith    .   a - +0 robe
rPois    .         Spirit   .   (helmet restricted)
rElec    .         Reflect  .   (no cloak)
rCorr    .         Harm     .   (gloves unavailable)
MR       .....                  (boots unavailable)
Stlth    +.........             (no amulet)
HPRegen  0.63/turn              m - ring of magical power
MPRegen  0.15/turn              (no ring)

@: no status effects
A: large, unfitting armour, claws 3, clumsy 1, fast metabolism 3, gourmand,
regeneration 1, shaggy fur 1, tough skin 3
a: Renounce Religion


You were on level 5 of the Dungeon.
You worshipped Ru.
Ru was noncommittal.
You were completely stuffed.

You visited 2 branches of the dungeon, and saw 7 of its levels.
You also visited: Sewer.

You collected 376 gold pieces.

Inventory:

Hand Weapons
 o - a +0 flail
Armour
 a - a +0 robe (worn)
 u - a +0 shield (worn)
Jewellery
 m - a ring of magical power (left claw)
Wands
 w - a wand of iceblast (7)
Scrolls
 c - a scroll of magic mapping {unknown}
 e - a scroll of amnesia {unknown}
 f - 6 scrolls of identify
 j - 4 scrolls of enchant armour {unknown}
 k - a scroll of remove curse {unknown}
 q - a scroll of teleportation {unknown}
 r - a scroll of enchant weapon {unknown}
 v - a scroll of random uselessness {unknown}
 y - a scroll of torment {unknown}
Potions
 d - 2 potions of heal wounds {unknown}
 g - 3 potions of curing
 h - 2 potions of might {unknown}
 i - 3 potions of mutation {unknown}
 l - a potion of lignification {unknown}
 p - 3 potions of degeneration {unknown}
 s - 2 potions of flight {unknown}
 t - 2 potions of brilliance {unknown}
 z - a potion of invisibility {unknown}
 A - a potion of berserk rage {unknown}
Comestibles
 b - 14 rations
 n - 5 chunks of flesh


   Skills:
 + Level 4.8 Fighting
 - Level 3.6 Dodging
 - Level 1.0 Stealth
 + Level 3.0 Shields
 * Level 7.9 Unarmed Combat


You had 7 spell levels left.
You didn't know any spells.
Your spell library contained the following spells:

 Spells                   Type           Power        Failure   Level  Hunger
 Magic Dart               Conj           #...         87%         1    ##.....
 Blink                    Tloc           N/A          95%         2    ###....
 Call Imp                 Summ           #.......     95%         2    ###....
 Slow                     Hex            #.......     95%         2    ###....
 Conjure Flame            Conj/Fire      #.......     99%         3    ####...
 Mephitic Cloud           Conj/Pois/Air  #.......     99%         3    ####...


Dungeon Overview and Level Annotations

Branches:
Dungeon (6/15)             Temple (1/1) D:4

Altars:
Ashenzari
Cheibriados
Dithmenos
Elyvilon
Fedhas
Gozag
Hepliaklqana
Kikubaaqudgha
Makhleb
Nemelex Xobeh
Okawaru
Qazlal
Ru
Uskayaw
Xom
Yredelemnul
Zin
The Shining One


Innate Abilities, Weirdness & Mutations

You are too large for most types of armour.
You have claws for hands.
You are clumsy. (Dex -2)
Your metabolism is lightning-fast.
You like to eat raw meat.
Your natural rate of healing is unusually fast.
You are covered in fur. (AC +1)
You have extremely tough skin. (AC +3)


Message History

You scratch the orc warrior.
The orc warrior is heavily wounded.
The orc warrior hits you with a +0 hand axe!
You barely miss the orc warrior.
The orc warrior is heavily wounded.
You barely miss the orc warrior.
The orc warrior is heavily wounded.
The orc warrior hits you with a +0 hand axe!
* * * LOW HITPOINT WARNING * * *
You barely miss the orc warrior.
The orc warrior is heavily wounded.
The orc warrior hits you with a +0 hand axe!
* * * LOW HITPOINT WARNING * * *
You closely miss the orc warrior.
The orc warrior is heavily wounded.
The orc warrior hits you with a +0 hand axe!
* * * LOW HITPOINT WARNING * * *
You feel better.
The orc warrior hits you with a +0 hand axe!!
You die...

......# #..........#
......########### #..........#
..........^.....# #..........#
......#########.# #..........#
......# #.####..........#
......# #..............##
......# ##.###..........#
#####)######
#o###..........### #.#....###
#@รท.#............. #.####...#
###.#............. #.# ###.###
#.#............. #.# #...#
#.##........#... #.# ###.#
#..##......##... #<##
#.####.##.#######...
##..#######....)..#.######....
#..>.....######.#.#.##.....###
#....>........................


You could see an orc warrior.

Vanquished Creatures
  An orc warrior (D:5)
  Purgy (Sewer)
  2 ogres (D:4)
  A centaur (D:6)
  A bullfrog (D:5)
  A howler monkey (D:4)
  3 crimson imps (D:5)
  3 hounds
  7 orc wizards
  A gnoll shaman (D:4)
  An iguana (D:5)
  11 gnolls
  A howler monkey skeleton (D:4)
  9 adders
  A shadow imp (D:5)
  An ooze (D:1)
  An adder skeleton (D:4)
  4 worms
  3 dart slugs (D:1)
  7 leopard geckos
  19 orcs
  7 giant cockroaches
  4 goblins
  7 hobgoblins
  5 jackals
  10 kobolds
  2 quokkas
  3 ball pythons
  13 bats
  A frilled lizard (D:2)
  A jackal zombie (D:5)
  A quokka zombie (D:5)
  8 rats
141 creatures vanquished.

Vanquished Creatures (others)
  A giant cockroach (D:3)
1 creature vanquished.

Grand Total: 142 creatures vanquished

Notes
Turn   | Place    | Note
-------+----------+-------------------------------------------
     0 | D:1      | pjoxt the Troll Monk began the quest for the Orb.
     0 | D:1      | Reached XP level 1. HP: 22/22 MP: 0/0
    97 | D:1      | Reached XP level 2. HP: 25/29 MP: 1/1
   420 | D:1      | Reached XP level 3. HP: 32/36 MP: 2/2
   908 | D:2      | Reached skill level 4 in Unarmed Combat
   993 | D:2      | Reached XP level 4. HP: 42/44 MP: 3/3
  1868 | D:3      | Found a white marble altar of Elyvilon.
  2035 | D:3      | Reached XP level 5. HP: 34/53 MP: 4/4
  2065 | D:3      | Reached skill level 5 in Unarmed Combat
  2338 | D:3      | Reached XP level 6. HP: 49/61 MP: 5/5
  2845 | D:4      | Found a staircase to the Ecumenical Temple.
  2858 | Temple   | Entered the Ecumenical Temple
  2914 | Temple   | Became a worshipper of Ru the Awakened
  2936 | Temple   | Gained mutation: You are clumsy. (Dex -2) [Ru sacrifice]
  3139 | D:4      | Reached skill level 1 in Shields
  3139 | D:4      | Reached skill level 6 in Unarmed Combat
  3187 | D:4      | Reached XP level 7. HP: 67/68 MP: 6/6
  3806 | D:5      | Entered Level 5 of the Dungeon
  3829 | D:5      | Found a shimmering altar of Xom.
  3917 | D:5      | Found a shadowy altar of Dithmenos.
  3921 | D:5      | Found a basalt altar of Yredelemnul.
  3923 | D:5      | Found a hide-covered altar of Uskayaw.
  3926 | D:5      | Found an iron altar of Okawaru.
  3928 | D:5      | Found a burning altar of Makhleb.
  3929 | D:5      | Found a hazy altar of Hepliaklqana.
  4003 | D:5      | Reached skill level 7 in Unarmed Combat
  4007 | D:5      | Reached XP level 8. HP: 60/79 MP: 7/7
  4307 | D:5      | Found a glowing drain.
  4311 | Sewer    | Entered a sewer
  4459 | Sewer    | Noticed Purgy
  4468 | Sewer    | Killed Purgy
  4706 | D:5      | HP: 2/79 [orc warrior/+0 hand axe (8)]
  4707 | D:5      | Mangled by an orc warrior

Skill      XL: |  1  2  3  4  5  6  7  8 |
---------------+-------------------------+-----
Unarmed Combat | 4 5 6 7 |  7.9
Dodging        | 3 |  3.6
Fighting       | 3 4 |  4.8
Shields        | 1 2 3 |  3.0
Stealth        | |  1.0

Action                   |  1- 3 |  4- 6 |  7- 9 || total
-------------------------+-------+-------+-------++-------
Melee: Unarmed           |    79 |   201 |   151 ||   431
       Punch             |     1 |     2 |       ||     3
Invok: Sacrifice Purity  |       |     1 |       ||     1
Evoke: Wand              |       |       |     2 ||     2
  Use: Scroll            |       |     1 |       ||     1
       Potion            |       |       |     1 ||     1
 Stab: Sleeping          |     6 |     3 |     1 ||    10
  Eat: Chunk             |    15 |    20 |    14 ||    49
Armor: Robe              |    31 |    59 |    45 ||   135
Dodge: Dodged            |    32 |   100 |    49 ||   181
Block: Shield            |       |    21 |    66 ||    87
